 Dungeon Crawl Stone Soup version 0.30.0-29-ga12c61a403 (webtiles) character file.

Game seed: 9365060602597495717

28417 BONEBRO the Tortoise (level 13, -1/96 HPs)
             Began as a Hill Orc Fighter on June 11, 2023.
             Was an Initiate of Yredelemnul.
             Succumbed to an orange demon's poison
             ... on level 1 of the Elven Halls.
             The game lasted 01:43:19 (14182 turns).

BONEBRO the Tortoise (Hill Orc Fighter)            Turns: 14182, Time: 01:43:19

Health: -1/96      AC: 34    Str: 30    XL:     13   Next: 38%
Magic:  15/15      EV:  8    Int:  4    God:    Yredelemnul [......]
Gold:   1157       SH:  4    Dex: 10    Spells: 12/12 levels left

rFire   . . .        e - +2 war axe (venom)
rCold   . . .        c - +0 buckler
rNeg    . . .        M - +7 plate armour of Dudd {Drain Int-4 Slay+5 Stlth+}
rPois   .            f - +0 helmet
rElec   .            (no cloak)
rCorr   .            (no gloves)
SInv    .            F - +0 pair of boots
Will    .....        (no amulet) Stlth
                     s - +4 ring of protection
HPRegen 0.36/turn    Q - +6 ring of strength
MPRegen 0.14/turn

%: no passive effects
@: lethally poisoned (-1 -> -20)
A: no striking features
a: Renounce Religion, Convert to Beogh, Recall Undead Harvest


You were on level 1 of the Elven Halls.
You worshipped Yredelemnul.
Yredelemnul was noncommittal.
You visited 3 branches of the dungeon, and saw 14 of its levels.

You collected 1283 gold pieces.
You spent 126 gold pieces at shops.

Inventory:

Hand Weapons
 e - a +2 war axe of venom (weapon)
 C - a +0 hand axe of electrocution
Missiles
 o - 57 poisoned darts (quivered)
 L - a curare-tipped dart
 N - 2 boomerangs of dispersal
 W - 2 throwing nets
Armour
 c - a +0 buckler (worn)
 f - a +0 helmet (worn)
 B - a +1 chain mail of fire resistance
 F - a +0 pair of boots (worn)
 G - a +0 robe of cold resistance
 I - a +0 robe of resistance
 K - a +1 leather armour of poison resistance
 M - the +7 plate armour of Dudd (worn) {Drain Int-4 Slay+5 Stlth+}
   (You took it off an orc warrior on level 8 of the Dungeon)

   Int:       It affects your intelligence (-4).
   Slay:      It affects your accuracy & damage with ranged weapons and melee
   (+5).
   Drain:     It drains your maximum health when unequipped.
   Stlth:     It makes you more stealthy.
 O - the +1 cloak of the Doldrums {rPois Int-3 Dex+3}
   (You found it on level 8 of the Dungeon)

   Int:       It affects your intelligence (-3).
   Dex:       It affects your dexterity (+3).
   rPois:     It protects you from poison.
 T - the +1 scale mail "Yghulime" {+Inv rElec Str+2}
   (You took it off an orc on level 9 of the Dungeon)

   Str:       It affects your strength (+2).
   rElec:     It insulates you from electricity.
   +Inv:      It lets you turn invisible.
 Y - the +2 cloak of Wu Jian, Blushing {Harm *Slow Int+5}
   (You found it on level 2 of the Dungeon)

   Int:       It affects your intelligence (+5).
   *Slow:     It may slow you when you take damage.
   Harm:      It increases damage dealt and taken.
Magical Staves
 U - a staff of fire
Jewellery
 s - a +4 ring of protection (left hand)
 y - a +4 ring of protection
 Q - a +6 ring of strength (right hand)
Wands
 a - a wand of polymorph (4)
 b - a wand of flame (9)
 d - a wand of digging (2)
 k - a wand of quicksilver (15)
 p - a wand of charming (6)
 X - a wand of iceblast (9)
Scrolls
 h - 7 scrolls of amnesia
 n - a scroll of teleportation
 u - a scroll of immolation {unknown}
 v - a scroll of noise {unknown}
 w - a scroll of brand weapon {unknown}
 x - 3 scrolls of magic mapping
 D - 2 scrolls of poison
 E - a scroll of fear {unknown}
 P - 2 scrolls of enchant armour
Potions
 j - a potion of magic {unknown}
 m - 4 potions of flight
 q - 4 potions of mutation
 r - 2 potions of berserk rage {unknown}
 t - 3 potions of attraction
 z - a potion of brilliance {unknown}
 H - a potion of ambrosia {unknown}
 J - a potion of cancellation {unknown}


   Skills:
 - Level 3.6 Fighting
 * Level 15.1 Axes
 - Level 20.2 Armour
 - Level 3.3 Shields
 - Level 3.5 Invocations


You had 12 spell levels left.
You didn't know any spells.
Your spell library contained the following spells:

 Spells                   Type           Power      Damage    Failure   Level
 Freeze                   Ice            0%         1d3       95%         1
 Sting                    Tmut/Pois      0%         1d3       95%         1
 Blink                    Tloc           0%         N/A       99%         2
 Lesser Beckoning         Tloc           0%         N/A       99%         2
 Momentum Strike          Conj/Tloc      0%         3d8       99%         2
 Poisonous Vapours        Pois/Air       0%         N/A       99%         2
 Frozen Ramparts          Ice            0%         1d1       100%        3
 Hailstorm                Conj/Ice       0%         3d3       100%        3
 Animate Armour           Summ/Erth      0%         N/A       100%        4
 Olgreb's Toxic Radiance  Pois           0%         N/A       100%        4
 Blade Hands              Tmut           0%         N/A       100%        5
 Iron Shot                Conj/Erth      0%         9d1       100%        6


Dungeon Overview and Level Annotations

Branches:
Dungeon (11/15)              Lair (0/5) D:11            Orc (2/2) D:11
    Elf (1/3) Orc:2
 Temple: D:4-7

Altars:
Hepliaklqana
Qazlal
Ru
Uskayaw
Yredelemnul
Beogh

Shops:
D:2 =   D:7 *   D:9 *   D:10 =   Orc:1 [   Orc:2 [(:?

Annotations:
D:6 2 transporters
Orc:2 Saint Roka


Message History

The deep elf elementalist is almost dead.
You hit the earth elemental but do no damage. x2
You slash the sixfirhy!
The sixfirhy is poisoned.
The orc high priest shouts, "Beogh is our master!
Accept the truth or die!"
You slash the earth elemental!
You feel sick.
The sixfirhy hits you but does no damage. x3
The deep elf elementalist hits you but does no damage.
The earth elemental hits you.
* * * LOW HITPOINT WARNING * * *
The earth elemental hits you.
* * * LOW HITPOINT WARNING * * *
The orange demon stings you from afar.
* * * LOW HITPOINT WARNING * * *
You are lethally poisoned!
The orange demon poisons you!
Okay, then.
You closely miss the deep elf elementalist.
The deep elf elementalist is almost dead.
You hit the earth elemental but do no damage.
You hit the earth elemental. You closely miss the sixfirhy.
You hit the earth elemental but do no damage.
* * * LOW HITPOINT WARNING * * *
You feel very sick.
The sixfirhy hits you but does no damage. x2
The deep elf elementalist gestures at you while chanting.
Some walls begin to move on their own!
The earth elemental barely misses you.
You slash the deep elf elementalist!
You kill the deep elf elementalist!
The earth elemental disappears in a puff of smoke! x6
You hit the hellwing. You closely miss the sixfirhy.
* * * LOW HITPOINT WARNING * * *
You feel very sick.
The orange demon stings you but does no damage.
The hellwing hits you but does no damage. x2
Your Axes skill increases to level 15!
You closely miss the orc high priest.
The orc high priest is almost dead.
You hit the hellwing but do no damage. You barely miss the sixfirhy.
You die...
Your body rises from the dead as a mindless zombie.

. ..###
########## .....
#........#
....⌠.#......⌠.#
......#........#
#....4§)##...#
#..§.@3..#...#
#..§§.o..#...#
#..§#§§4.#...#
#...#....#...#
#...#....#...#
#.......##.).#
#........#...#
#.⌠......#.<)#
#........#...#


You could see an orc high priest (extremely poisoned), an orange demon
(summoned, poisoned), a hellwing (summoned) and a sixfirhy (summoned, very
poisoned).

Vanquished Creatures
  A deep elf elementalist (Elf:1)
  Snorg (D:10)
  Harold (D:11)
  Erolcha (Orc:2)
  A two-headed ogre (D:8)
  3 orc high priests
  The ghost of ystael the Grappler, a novice TrFi of Wu Jian (D:8)
  Pikel (D:4)
  A deep elf pyromancer (Elf:1)
  An orc knight (Orc:1)
  2 deep elf zephyrmancers (Elf:1)
  2 cyclopes (D:11)
  5 orc sorcerers
  A rime drake (D:11)
  Psyche (D:9)
  A komodo dragon (D:11)
  2 polar bears (D:11)
  2 hornets
  Sigmund (D:7)
  2 wyverns (D:7)
  A wraith (D:11)
  20 yaks
  7 wargs
  Edmund (D:7)
  A steam dragon (D:8)
  An acid dragon (D:9)
  A water moccasin (D:7)
  32 orc warriors
  2 sky beasts
  8 ice beasts
  2 black bears
  8 ogres
  2 centaurs
  2 wolves (D:11)
  5 phantoms
  7 kobold brigands
  3 bullfrogs
  An earth elemental (Elf:1)
  2 gnoll sergeants (D:9)
  19 wights
  3 scorpions
  10 killer bees (D:9)
  3 howler monkeys
  A bullfrog zombie (D:4)
  A centaur zombie (D:4)
  A jelly (D:6)
  2 hounds
  14 orc priests
  A sleepcap (D:7)
  A scorpion zombie (D:4)
  2 iguanas (D:6)
  17 orc wizards
  A mummy (D:8)
  A hound zombie (D:4)
  8 gnolls (D:9)
  8 adders
  2 white imps
  An ufetubus (D:4)
  An adder zombie (D:4)
  An adder skeleton (D:4)
  3 worms
  2 dart slugs
  60 orcs
  5 ball pythons
  4 bats
  6 endoplasms
  3 giant cockroaches
  8 goblins
  4 hobgoblins
  25 kobolds
  4 quokkas
  3 frilled lizards
  A hobgoblin zombie (D:8)
  2 kobold zombies (D:8)
  An orc zombie (D:8)
  A quokka zombie (D:4)
  8 rats
  A spectral orc (D:7)
376 creatures vanquished.

Vanquished Creatures (collateral kills)
  A komodo dragon (D:10)
  A troll (D:10)
  3 yaks
  A warg (D:11)
  2 acid dragons
  3 orc warriors
  3 ice beasts (D:11)
  2 kobold brigands
  A bullfrog (D:9)
  2 wights (D:7)
  2 killer bees (D:9)
  2 orc priests (Orc:2)
  2 orc wizards (Orc:2)
  An orc zombie (Orc:2)
  12 orcs
  8 kobolds
46 creatures vanquished.

Vanquished Creatures (others)
  An elf zombie (Elf:1)
  A hornet zombie (D:8)
  A wyvern zombie (D:7)
  A human zombie (D:9)
  2 yak zombies
  A bullfrog zombie (D:9)
  4 killer bee zombies (D:9)
  2 ogre zombies (Orc:2)
  An orc (Orc:2)
  2 kobolds (D:9)
  6 kobold zombies
  40 orc zombies
62 creatures vanquished.

Grand Total: 484 creatures vanquished

Notes
Turn   | Place    | Note
-------+----------+-------------------------------------------
     0 | D:1      | BONEBRO the Hill Orc Fighter began the quest for the Orb.
     0 | D:1      | Reached XP level 1. HP: 19/19 MP: 1/1
   263 | D:1      | Reached XP level 2. HP: 27/27 MP: 2/2
   579 | D:1      | Reached XP level 3. HP: 16/33 MP: 3/3
  1110 | D:2      | Identified the +2 cloak of Wu Jian, Blushing {Harm *Slow
                  | Int+5}
  1352 | D:2      | Reached skill level 5 in Axes
  1431 | D:2      | Found a faded altar of an unknown god.
  1755 | D:2      | Reached XP level 4. HP: 40/40 MP: 4/4
  1940 | D:2      | Found Qisiecio's Jewellery Emporium.
  2316 | D:3      | Noticed a scorpion
  2337 | D:3      | Killed a scorpion
  2338 | D:3      | Reached XP level 5. HP: 46/46 MP: 5/5
  2697 | D:4      | Found a hazy altar of Hepliaklqana.
  2697 | D:4      | Noticed a phantom
  2712 | D:4      | Killed a phantom
  2713 | D:4      | Reached XP level 6. HP: 49/52 MP: 6/6
  2726 | D:4      | Found a hide-covered altar of Uskayaw.
  2814 | D:4      | Noticed a black bear
  2817 | D:4      | Noticed Pikel
  2839 | D:4      | Killed Pikel
  2840 | D:4      | Reached XP level 7. HP: 41/58 MP: 7/7
  2848 | D:4      | Reached XP level 8. HP: 42/66 MP: 8/8
  3431 | D:5      | Entered Level 5 of the Dungeon
  4177 | D:5      | Reached skill level 4 in Armour
  4177 | D:5      | Reached XP level 9. HP: 71/71 MP: 9/9
  4221 | D:5      | Reached skill level 5 in Armour
  4710 | D:6      | Reached skill level 6 in Armour
  4966 | D:6      | Reached skill level 7 in Armour
  5141 | D:6      | Found a transporter.
  5153 | D:6      | Found a transporter.
  5476 | D:6      | You fall into a shaft and drop 1 floor!
  5487 | D:7      | Reached skill level 8 in Armour
  5618 | D:7      | Found a basalt altar of Yredelemnul.
  5626 | D:7      | Became a worshipper of Yredelemnul the Dark
  5660 | D:7      | Reached skill level 9 in Armour
  5719 | D:7      | Reached * piety under Yredelemnul
  5923 | D:7      | Noticed Edmund
  5941 | D:7      | Killed Edmund
  5942 | D:7      | Reached skill level 10 in Armour
  5942 | D:7      | Reached XP level 10. HP: 74/78 MP: 10/10
  5966 | D:7      | Noticed Sigmund
  5982 | D:7      | Killed Sigmund
  6114 | D:7      | Reached ** piety under Yredelemnul
  6228 | D:7      | Found Sekujag's Lightly-Used Armoury.
  6276 | D:7      | Reached *** piety under Yredelemnul
  6277 | D:7      | Reached skill level 11 in Armour
  6478 | D:7      | Reached skill level 12 in Armour
  6663 | D:8      | Noticed ystael's ghost (novice TrFi)
  6663 | D:8      | Found a runed translucent gate.
  6663 | D:8      | Found a runed translucent gate.
  6663 | D:8      | Found a runed translucent gate.
  6775 | D:8      | Found a flagged portal.
  7132 | D:8      | Identified the +7 plate armour of Dudd {Drain Int-4 Slay+5
                  | Stlth+}
  7166 | D:8      | Found a stormy altar of Qazlal.
  7166 | D:8      | Found a sacrificial altar of Ru.
  7205 | D:8      | Found a roughly hewn altar of Beogh.
  7227 | D:8      | Killed ystael's ghost
  7228 | D:8      | Reached skill level 13 in Armour
  7408 | D:8      | Identified the +1 cloak of the Doldrums {rPois Int-3 Dex+3}
  7579 | D:8      | Noticed a two-headed ogre
  7588 | D:8      | Killed a two-headed ogre
  7589 | D:8      | Reached skill level 14 in Armour
  7589 | D:8      | Reached XP level 11. HP: 49/83 MP: 11/11
  7924 | D:9      | Noticed Psyche
  7930 | D:9      | Killed Psyche
  7936 | D:9      | Your ally Psyche died
  7959 | D:10     | Entered Level 10 of the Dungeon
  8179 | D:9      | Identified the +1 scale mail "Yghulime" {+Inv rElec Str+2}
  8265 | D:9      | Reached skill level 15 in Armour
  8423 | D:9      | Found Qaleam's Demolitions Depot.
  8568 | D:9      | Reached **** piety under Yredelemnul
  8680 | D:9      | Reached ***** piety under Yredelemnul
  9029 | D:10     | Reached skill level 16 in Armour
  9337 | D:10     | Noticed Snorg
  9367 | D:10     | Killed Snorg
  9661 | D:10     | Identified the +0 leather armour "Raurr" {MP-9 Str+4}
  9769 | D:10     | Found Siecuroy's Jewellery Shop.
  9866 | D:10     | Reached skill level 1 in Invocations
 10055 | D:11     | Reached XP level 12. HP: 91/91 MP: 12/12
 10060 | D:11     | Reached skill level 17 in Armour
 10092 | D:11     | Found a staircase to the Lair.
 10363 | D:11     | Noticed Harold
 10376 | D:11     | Killed Harold
 10580 | D:11     | Reached skill level 18 in Armour
 10746 | D:11     | Found a staircase to the Orcish Mines.
 10830 | Orc:1    | Entered Level 1 of the Orcish Mines
 10893 | Orc:1    | Paralysed by an orc sorcerer for 5 turns
 10933 | Orc:1    | Found Aho Qiem's Antique Armour Emporium.
 11076 | Orc:2    | Entered Level 2 of the Orcish Mines
 11424 | Orc:2    | Found a roughly hewn altar of Beogh.
 11488 | Orc:2    | Noticed Erolcha
 11495 | Orc:2    | Killed Erolcha
 11645 | Orc:2    | Reached skill level 19 in Armour
 11779 | Orc:2    | Found a roughly hewn altar of Beogh.
 11790 | Orc:2    | Found a roughly hewn altar of Beogh.
 11811 | Orc:2    | Noticed an orc high priest
 11816 | Orc:2    | Noticed Saint Roka
 11825 | Orc:2    | Killed an orc high priest
 11827 | Orc:2    | Reached XP level 13. HP: 20/96 MP: 15/15
 12584 | Orc:2    | Reached skill level 20 in Armour
 12754 | Orc:2    | Found a roughly hewn altar of Beogh.
 12763 | Orc:2    | Found Migg's Magic Scroll Boutique.
 12770 | Orc:2    | Bought a scroll of teleportation for 36 gold pieces
 12770 | Orc:2    | Bought a scroll of blinking for 90 gold pieces
 12813 | Orc:2    | Found a staircase to the Elven Halls.
 12859 | Orc:2    | Found a roughly hewn altar of Beogh.
 12859 | Orc:2    | Found Kapamurch's Antique Weapon Shoppe.
 12861 | Orc:2    | Found Gulyz's Antique Armour Emporium.
 13027 | Orc:2    | Found a roughly hewn altar of Beogh.
 13040 | Orc:2    | Found Vyelamm's Book Shoppe.
 13076 | Orc:2    | Found a roughly hewn altar of Beogh.
 13864 | Elf:1    | Entered Level 1 of the Elven Halls
 14154 | Elf:1    | Noticed a deep elf elementalist
 14181 | Elf:1    | Killed a deep elf elementalist
 14181 | Elf:1    | HP: 3/96 [poisoned by an orange demon]
 14182 | Elf:1    | Reached skill level 15 in Axes
 14182 | Elf:1    | Succumbed to an orange demon's poison

Illustrated notes

Levels and vault maps discovered:
D:1:      minmay_arrival_solitary_statue, layout_loops_ring, serial_forest,
          infiniplex_forest_lined_ring, infiniplex_forest_lined_2,
          infiniplex_forest_fountain, infiniplex_forest_zigzag_1,
          infiniplex_forest_clump_diagonal, infiniplex_forest_end_2,
          minmay_misc_feat_x, minmay_cut_off
D:2:      layout_basic, hellmonk_ecumenical_altar_lost_god, serial_shops, shop,
          reono_crystal_passage
D:3:      layout_rooms
D:4:      layout_cave_pools, nicolae_overflow_hidden_temple, serial_undead,
          serial_undead_a, serial_undead_e, serial_undead_f, serial_undead_d,
          uniq_pikel
D:5:      nicolae_BIG_FREAKIN_CUBE, layout_basic, guppyfry_early_lair_pool
D:6:      gammafunk_steamed_eel, layout_basic, minmay_temple_entry_junction
D:7:      layout_rooms, yredelemnul_forgotten_temple_becter, serial_rivers,
          chequers_serial_rivers_large_b, chequers_serial_rivers_micro_b,
          chequers_serial_rivers_room_a, chequers_serial_rivers_micro_d,
          minmay_shop_damaged, sigmund_edmund_badplayer
D:8:      layout_basic, grunt_temple_overflow_open, enter_bailey_2,
          biasface_ghost_orc_armoury, minmay_mini_ossuary
D:9:      layout_loops_ring, st_stairs_2, nicolae_blasting_shop,
          minmay_starry_boxes, uniq_psyche
D:10:     layout_cave_pools, serial_shops, nicolae_lakefront_shop, uniq_snorg
D:11:     layout_cave_pools, hellmonk_lair_entry_icy,
          minmay_orc_entry_guard_dogs, uniq_harold
Orc:1:    layout_caves, serial_shops, nicolae_shop_rolling_square
Orc:2:    grunt_orc_community_town_hall, layout_diamond_mine,
          grunt_orc_community_big_house_2, grunt_orc_community_big_house_2,
          grunt_orc_community_house_3, grunt_orc_community_house_3,
          grunt_orc_community_house_1, grunt_orc_community_house_1, uniq_erolcha
Elf:1:    nicolae_elf_arrival_no_cutting_in_line, layout_onion_city,
          serial_shops, nicolae_shop_back_alley_shop, minmay_elf_sorcery,
          hangedman_elven_crosses_minicolossus

Skill      XL: |  1  2  3  4  5  6  7  8  9 10 11 12 13 |
---------------+----------------------------------------+-----
Axes           | 3 4 5 7 8 11 14 15 | 15.1
Armour         | 4 10 14 16 19 20 | 20.2
Invocations    | 1 3 |  3.5
Fighting       | |  3.6
Shields        | |  3.3

Action                     |  1- 3 |  4- 6 |  7- 9 | 10-12 | 13-15 || total
---------------------------+-------+-------+-------+-------+-------++-------
  Melee: War axe           |   105 |    46 |       |   273 |   156 ||   580
         Hand axe          |       |    64 |   243 |   276 |       ||   583
  Throw: Dart              |       |     8 |     2 |    12 |     4 ||    26
         Boomerang         |       |       |       |       |     1 ||     1
 Invoke: Dark Bargain      |       |       |       |    11 |       ||    11
    Use: Scroll            |       |     1 |     7 |    13 |     9 ||    30
         Potion            |       |     1 |     3 |     5 |     7 ||    16
   Stab: Distracted        |       |       |       |     5 |       ||     5
 Armour: Scale mail        |    29 |    70 |    35 |       |       ||   134
         Plate armour      |       |       |    89 |   350 |   107 ||   546
  Dodge: Dodged            |    42 |    53 |    64 |   169 |    35 ||   363
  Block: Buckler           |    23 |    28 |    44 |   107 |    31 ||   233
